 Dungeon Crawl Stone Soup version 0.24-a0-235-g3f03afc (webtiles) character file.

Game seed: 16502443360667028781

14037 tbh1313 the Basher (level 12, -9/59 HPs)
             Began as a Gargoyle Earth Elementalist on Apr 6, 2019.
             Was an Elder of Vehumet.
             Mangled by a crocodile (13 damage)
             ... on level 2 of the Lair of Beasts on Apr 8, 2019.
             The game lasted 00:55:38 (11806 turns).

tbh1313 the Basher (Gargoyle Earth Elementalist)   Turns: 11806, Time: 00:55:39

Health: -9/59      AC: 15    Str: 12    XL:     12   Next: 12%
Magic:  14/25      EV: 11    Int: 21    God:    Vehumet [****..]
Gold:   1054       SH:  0    Dex: 10    Spells: 15/30 levels left

rFire    + . .     SeeInvis .   m - +0 whip
rCold    . . .     Gourm    .   (no shield)
rNeg     + . .     Faith    .   P - +2 leather armour {MR+}
rPois    ∞         Spirit   .   (no helmet)
rElec    +         Reflect  .   (no cloak)
rCorr    .         Harm     .   n - +1 pair of gloves
MR       ++...                  (no boots)
Stlth    ++........             q - amulet of regeneration
HPRegen  0.59/turn              E - ring of protection from magic
MPRegen  0.19/turn              J - ring of protection from fire

@: no status effects
A: negative energy resistance 1, electricity resistance, unbreathing,
petrification resistance, rot immunity, AC +8
a: Renounce Religion


You were on level 2 of the Lair of Beasts.
You worshipped Vehumet.
Vehumet was greatly pleased with you.
You were very hungry.

You visited 3 branches of the dungeon, and saw 15 of its levels.

You collected 1054 gold pieces.

Inventory:

Hand Weapons
 m - a +0 whip (weapon)
 B - a +0 dire flail of venom
Missiles
 b - 24 stones (quivered)
 e - 3 javelins
 g - 5 throwing nets
Armour
 n - a +1 pair of gloves (worn)
 C - a +3 leather armour of cold resistance
 P - a +2 leather armour of magic resistance (worn)
Jewellery
 q - an amulet of regeneration (around neck)
 E - a ring of protection from magic (left hand)
 H - an uncursed ring of positive energy
 J - a ring of protection from fire (right hand)
 R - an uncursed ring of wizardry {unknown}
Wands
 o - a wand of random effects (20)
 x - a wand of enslavement (13)
 y - a wand of polymorph (2)
 L - a wand of iceblast (17)
 M - a wand of flame (13)
 N - a wand of clouds (10)
Scrolls
 a - 3 scrolls of magic mapping
 c - 3 scrolls of fear
 f - 10 scrolls of remove curse
 j - 4 scrolls of teleportation
 p - 2 scrolls of blinking
 t - a scroll of enchant weapon
 w - a scroll of fog
 D - 6 scrolls of identify
 I - a scroll of torment {unknown}
 Q - a scroll of amnesia {unknown}
Potions
 h - 2 potions of might
 i - 3 potions of heal wounds
 k - 3 potions of curing
 l - 2 potions of mutation
 r - 3 potions of haste
 s - 3 potions of degeneration
 u - 2 potions of brilliance {unknown}
 v - 3 potions of lignification
 z - 2 potions of ambrosia
 A - 2 potions of agility
 F - a potion of invisibility {unknown}
 G - a potion of berserk rage {unknown}
 K - 2 potions of flight {unknown}
Comestibles
 d - 24 rations


   Skills:
 - Level 10.9 Maces & Flails
 - Level 1.5 Dodging
 - Level 2.1 Stealth
 - Level 9.5 Spellcasting
 + Level 7.6 Conjurations
 - Level 4.7 Transmutations
 - Level 10.6 Earth Magic


You had 15 spell levels left.
You knew the following spells:

 Your Spells              Type           Power        Failure   Level  Hunger
a - Sandblast             Erth           ######       1%          1    None
b - Passwall              Tmut/Erth      #####...     1%          2    None
c - Stone Arrow           Conj/Erth      #####.       1%          3    None
d - Lee's Rapid Deconstr  Erth           ######....   1%          5    #####..
e - Force Lance           Conj/Tloc      ####....     5%          4    ##.....

Your spell library contained the following spells:

 Spells                   Type           Power        Failure   Level  Hunger
 Bolt of Magma            Conj/Fire/Erth #####.....   5%          5    #####..
 Flame Tongue             Conj/Fire      ####.        1%          1    None
 Magic Dart               Conj           ####         1%          1    None
 Shock                    Conj/Air       ####         1%          1    None
 Throw Flame              Conj/Fire      ####..       1%          2    None
 Conjure Flame            Conj/Fire      ####....     1%          3    None
 Static Discharge         Conj/Air       ####....     1%          3    None
 Mephitic Cloud           Conj/Pois/Air  ###.....     2%          3    None
 Petrify                  Tmut/Erth      #####...     3%          4    ##.....
 Sticky Flame             Conj/Fire      ####....     5%          4    ##.....
 Inner Flame              Hex/Fire       #.......     7%          3    None
 Blink                    Tloc           N/A          13%         2    None
 Call Imp                 Summ           #.......     13%         2    None
 Slow                     Hex            #.......     13%         2    None
 Swiftness                Chrm/Air       #.......     13%         2    None
 Fireball                 Conj/Fire      ####......   13%         5    #####..
 Lightning Bolt           Conj/Air       ####......   13%         5    #####..
 Airstrike                Air            #.........   22%         4    ##.....


Dungeon Overview and Level Annotations

Branches:
Dungeon (12/15)            Temple (1/1) D:6            Lair (2/6) D:10
  Snake (0/4) Lair:2
  Swamp: Lair:2-4    Shoals: Lair:2-4       Orc: D:9-12

Altars:
Cheibriados
Elyvilon
Fedhas
Gozag
Makhleb
Nemelex Xobeh
Okawaru
Qazlal
Ru
Sif Muna
Trog
Uskayaw
Vehumet
Wu Jian
The Shining One


Innate Abilities, Weirdness & Mutations

You are resistant to torment.
Your stone body is resilient. (AC +8)
You are immune to poison.
You resist negative energy. (rN+)
You are resistant to electric shocks. (rElec)
You can survive without breathing.
You are immune to petrification.
You are immune to rotting.


Message History

Press: ? - help, Shift-Dir - straight line, f/p - yak
Aim: a yak (moderately wounded)
The blast of sand hits the yak.
The yak is heavily wounded.
b - 25 stones The yak gores you but does no damage.
The yak gores you.
* * * LOW HITPOINT WARNING * * *
The yak gores you but does no damage.
Casting: Sandblast (safe; 1% risk of failure)
Confirm with . or Enter, or press ? or * to list all spells.
Aiming: Sandblast (safe; 1% risk of failure)
Press: ? - help, Shift-Dir - straight line, f/p - yak
Aim: a yak (heavily wounded)
The blast of sand hits the yak!!
You kill the yak!
Vehumet accepts your kill.
You feel your power returning.
b - 24 stones The crocodile bites you!
You die...

.. ... .. ## #.# .. .>>
.#..#.##%. ... #../.#.... #.#
......#...#.# #.......#..###.
. ## ## ######.............
..#.##.##.##Yt.............
..........l†@..............
...........Y#..............
...........###..$%....[.#.#
.....!.<...# ##........## #
...........####.......##
........%....##.P......####
.........P....#†.##........
#...............††.....%.....
#....###.....................


You could see a komodo dragon, 2 yaks and a crocodile.

Levels and vault maps discovered:
D:1:      scummos_arrival_forest, layout_loops_ring
D:2:      layout_basic
D:3:      layout_basic, nicolae_overflow_hidden_temple, serial_glass,
          glass_columns_a, glass_columns_a, corexii_item_surrounded_by_moat,
          uniq_ijyb, uniq_robin
D:4:      layout_loops_ring, kennysheep_decorative_pillar,
          hangedman_abyss_or_decor_lesser_grid, minmay_gold_behind_fungi,
          chequers_avenue
D:5:      layout_cave_pools, grunt_gozag_breadcrumbs, first_ration
D:6:      layout_loops_corners, kennysheep_little_box,
          grunt_temple_overflow_open, minmay_temple_entry_statues,
          lightli_corner_chamber, uniq_edmund, uniq_menkaure
D:7:      layout_loops_cross, nicolae_qazlal_style_of_elements, minivault_24,
          grunt_ogre_cave
D:8:      layout_rooms
D:9:      layout_basic, nicolae_overflow_crystal_walls, lemuel_doored_altar
D:10:     layout_irregular_city, lair_entry_dummy
D:11:     layout_rooms
D:12:     layout_basic, orc_0_dummy
Temple:   nicolae_temple_great_sept
Lair:1:   layout_cave_pods, nicolae_volcano_entry_hallway, columned_hall_lemuel,
          lemuel_fruit_fields, infiniplex_staircase_pool
Lair:2:   layout_small_grid, dummy_snake_entry, fungi_pond_lemuel,
          beast_lair_carwin_9, lemuel_fruit_fields

Notes
Turn   | Place    | Note
-------+----------+-------------------------------------------
     0 | D:1      | tbh1313 the Gargoyle Earth Elementalist began the quest for
                  | the Orb.
     0 | D:1      | Reached XP level 1. HP: 10/10 MP: 3/3
   194 | D:1      | Reached XP level 2. HP: 11/15 MP: 1/5
   667 | D:2      | Reached skill level 5 in Earth Magic
   667 | D:2      | Reached XP level 3. HP: 19/19 MP: 4/6
   748 | D:2      | Reached XP level 4. HP: 21/24 MP: 2/7
   880 | D:2      | Learned a level 2 spell: Passwall
   884 | D:2      | Learned a level 3 spell: Stone Arrow
  1627 | D:3      | Found a blossoming altar of Fedhas.
  1658 | D:3      | Noticed Robin
  1687 | D:3      | Killed Robin
  1687 | D:3      | Reached skill level 1 in Maces & Flails
  1687 | D:3      | Reached XP level 5. HP: 3/28 MP: 3/8
  1933 | D:3      | Noticed Ijyb
  1948 | D:3      | Killed Ijyb
  2859 | D:4      | Reached XP level 6. HP: 29/32 MP: 1/9
  3402 | D:5      | Entered Level 5 of the Dungeon
  3418 | D:5      | Reached XP level 7. HP: 35/36 MP: 6/10
  3455 | D:5      | Found an opulent altar of Gozag.
  3603 | D:5      | Reached skill level 1 in Transmutations
  4115 | D:6      | Found an iron altar of Okawaru.
  4117 | D:6      | Found a sacrificial altar of Ru.
  4124 | D:6      | Reached XP level 8. HP: 29/41 MP: 8/11
  4201 | D:6      | Found a staircase to the Ecumenical Temple.
  4224 | Temple   | Entered the Ecumenical Temple
  4240 | Temple   | Became a worshipper of Vehumet
  4348 | D:6      | Noticed Menkaure
  4354 | D:6      | Killed Menkaure
  4354 | D:6      | Reached skill level 5 in Maces & Flails
  4542 | D:6      | Learned a level 5 spell: Lee's Rapid Deconstruction
  5050 | D:6      | Noticed Edmund
  5056 | D:6      | Killed Edmund
  5154 | D:6      | Found a deep blue altar of Sif Muna.
  5170 | D:6      | Reached skill level 10 in Earth Magic
  5597 | D:7      | Reached XP level 9. HP: 41/45 MP: 4/12
  5838 | D:7      | Found a stormy altar of Qazlal.
  6205 | D:8      | Reached * piety under Vehumet
  6205 | D:8      | Offered knowledge of Shock by Vehumet.
  6234 | D:8      | Noticed a two-headed ogre
  6238 | D:8      | Killed a two-headed ogre
  6581 | D:8      | Reached skill level 5 in Spellcasting
  6699 | D:8      | Reached XP level 10. HP: 45/50 MP: 5/17
  6951 | D:9      | Noticed a two-headed ogre
  6965 | D:9      | Killed a two-headed ogre
  7136 | D:9      | Offered knowledge of Throw Frost by Vehumet.
  7296 | D:9      | Reached ** piety under Vehumet
  7459 | D:9      | Found an ornate altar of the Wu Jian Council.
  7582 | D:9      | Found a snail-covered altar of Cheibriados.
  7605 | D:10     | Entered Level 10 of the Dungeon
  7995 | D:10     | Found a staircase to the Lair.
  8040 | D:10     | Reached XP level 11. HP: 54/54 MP: 18/23
  8294 | D:10     | HP: 2/54 [yak (7)]
  8401 | D:10     | Offered knowledge of Searing Ray by Vehumet.
  9007 | D:11     | Reached skill level 1 in Conjurations
  9086 | D:11     | Reached *** piety under Vehumet
  9121 | D:11     | Reached skill level 10 in Maces & Flails
  9172 | D:11     | Noticed a manticore
  9180 | D:11     | Killed a manticore
  9180 | D:11     | Offered knowledge of Force Lance by Vehumet.
  9189 | D:11     | Learned a level 4 spell: Force Lance
 10065 | D:11     | Reached **** piety under Vehumet
 10109 | D:11     | Reached skill level 5 in Conjurations
 10146 | Lair:1   | Entered Level 1 of the Lair of Beasts
 11548 | Lair:2   | Found a staircase to the Snake Pit.
 11627 | Lair:2   | Reached XP level 12. HP: 59/59 MP: 21/25
 11799 | Lair:2   | Offered knowledge of Bolt of Magma by Vehumet.
 11805 | Lair:2   | HP: 4/59 [yak (3)]
 11806 | Lair:2   | Mangled by a crocodile

Table legend:
 A = Turns spent in this place as a percentage of turns spent in the entire game.
 B = Non-inter-level travel turns spent in this place as a percentage of non-inter-level travel turns spent in the entire game.
 C = Inter-level travel turns spent in this place as a percentage of turns spent in this place.
 D = Turns resting spent in this place as a percentage of non-inter-level travel turns spent in this place.
 E = Turns spent auto-exploring this place as a percentage of non-inter-level travel turns spent in this place.
 F = Non-inter-level travel turns spent in this place divided by the number of levels of this place that you've seen.
                   A       B       C       D       E      F
               +-------+-------+-------+-------+-------+----------------------
         Total | 100.0 | 100.0 |   3.6 |  20.5 |  55.5 | 758.9
       Dungeon |  85.7 |  85.9 |   3.4 |  20.3 |  54.5 | 814.5
        Temple |   0.2 |   0.1 |  44.8 |   0.0 |  81.2 |  16.0
          Lair |  14.1 |  14.0 |   4.0 |  21.8 |  61.5 | 797.0
               +-------+-------+-------+-------+-------+----------------------

Table legend:
 A = Kills in this place as a percentage of kills in entire the game.
 B = Kills by you in this place as a percentage of kills by you in the entire game.
 C = Kills by friends in this place as a percentage of kills by friends in the entire game.
 D = Other kills in this place as a percentage of other kills in the entire game.
 E = Experience gained in this place as a percentage of experience gained in the entire game.
 F = Experience gained in this place divided by the number of levels of this place that you have seen.
                   A       B       C       D       E      F
               +-------+-------+-------+-------+-------+----------------------
         Total | 100.0 | 100.0 |   N/A |   N/A | 100.0 | 1336.9
       Dungeon |  92.9 |  92.9 |   N/A |   N/A |  83.7 | 1398.5
          Lair |   7.1 |   7.1 |   N/A |   N/A |  16.3 | 1635.5
               +-------+-------+-------+-------+-------+----------------------

Action                   |  1- 3 |  4- 6 |  7- 9 | 10-12 || total
-------------------------+-------+-------+-------+-------++-------
Melee: Unarmed           |    14 |    61 |       |       ||    75
       Whip              |       |   180 |   334 |   668 ||  1182
 Cast: Sandblast         |    24 |    45 |    86 |   185 ||   340
       Stone Arrow       |       |       |     6 |    40 ||    46
       Force Lance       |       |       |       |    12 ||    12
  Use: Scroll            |     7 |     5 |     3 |     5 ||    20
       Potion            |       |       |       |     2 ||     2
 Stab: Sleeping          |     1 |       |     1 |       ||     2
       Distracted        |       |       |       |     1 ||     1
  Eat: Chunk             |       |     9 |    12 |    18 ||    39
Armor: Robe              |     3 |    93 |    76 |       ||   172
       Leather armour    |       |       |    70 |   359 ||   429
Dodge: Dodged            |    15 |   208 |   243 |   362 ||   828

Vanquished Creatures
  2 two-headed ogres
  A manticore (D:11)
  A centaur zombie (D:11)
  5 trolls
  A hornet (D:11)
  4 hippogriffs
  25 yaks
  A vampire (D:10)
  A wraith (D:11)
  A hungry ghost (D:8)
  A vampire mosquito (D:11)
  Menkaure (D:6)
  Edmund (D:6)
  2 soldier ants
  5 water moccasins
  2 orc warriors
  3 porcupines
  A hornet zombie (D:9)
  3 sky beasts
  3 ice beasts
  A black bear (D:8)
  4 ogres
  3 phantoms
  A wolf (Lair:2)
  3 centaurs
  2 necrophages
  2 crocodiles
  A big kobold (D:8)
  6 bullfrogs
  3 scorpions
  A water moccasin zombie (D:11)
  5 killer bees (D:11)
  A howler monkey (D:5)
  5 crimson imps
  2 bullfrog zombies
  5 hounds
  A quasit (D:6)
  8 orc priests
  A centaur skeleton (D:10)
  4 jellies
  4 orc wizards
  2 bullfrog skeletons
  Ijyb (D:3)
  4 iguanas
  9 worker ants
  A worker ant zombie (D:10)
  Robin (D:3)
  4 gnolls (D:4)
  15 adders
  2 shadow imps
  An ooze (D:1)
  A worm (D:2)
  2 adder skeletons
  2 dart slugs
  6 leopard geckos
  21 orcs
  2 ball pythons
  4 bats
  7 giant cockroaches
  10 goblins
  9 hobgoblins
  12 jackals
  7 kobolds
  8 quokkas
  4 frilled lizards
  A leopard gecko skeleton (D:6)
  6 rats
269 creatures vanquished.

Vanquished Creatures (others)
  A fungus (Lair:2)
  A plant (Lair:2)
  5 toadstools (D:4)
7 creatures vanquished.

Grand Total: 276 creatures vanquished
